 Dungeon Crawl Stone Soup version 0.29-a0-338-g1ff7896281 (webtiles) character file.

Game seed: 213378640226316450

1661 sammy202020 the Skirmisher (level 8, -2/97 HPs)
             Began as a Demonspawn Berserker on Apr 18, 2022.
             Was a Priest of Trog.
             Slain by a centaur (3 damage)
             ... on level 7 of the Dungeon.
             The game lasted 00:10:00 (6887 turns).

sammy202020 the Skirmisher (Demonspawn Berserker)   Turns: 6887, Time: 00:10:01

Health: -2/97      AC: 14    Str: 17    XL:     8   Next: 69%
Magic:  8/8        EV:  5    Int: 11    God:    Trog [***...]
Gold:   413        SH:  0    Dex: 13    Spells: 7/7 levels left

rFire   . . .      SeeInvis .   r - +1 broad axe
rCold   . . .      Faith    .   (no shield)
rNeg    . . .      Spirit   .   n - +0 plate armour
rPois   .          Reflect  .   (no helmet)
rElec   .          Harm     .   (no cloak)
rCorr   .          Rampage  .   (no gloves)
Will    ++...                   (no boots)
Stlth   ..........              (no amulet)
HPRegen 1.26/turn               (no ring)
MPRegen 0.11/turn               (no ring)

@: berserking, strong-willed, regenerating, very quick
A: yellow scales 2, foul stench 1, demonic touch 2
a: Renounce Religion, Berserk, Trog's Hand


You were on level 7 of the Dungeon.
You worshipped Trog.
Trog was most pleased with you.
You visited 1 branch of the dungeon, and saw 7 of its levels.

You collected 413 gold pieces.

Inventory:

Hand Weapons
 h - a +5 mace of draining
 o - a +0 war axe
 r - a +1 broad axe (weapon)
Armour
 n - a +0 plate armour (worn)
Jewellery
 a - an amulet of magic regeneration
 c - an amulet of faith
Wands
 q - a wand of digging (6)
Scrolls
 e - 2 scrolls of teleportation
 l - a scroll of magic mapping
 p - a scroll of enchant armour {unknown}
 s - a scroll of vulnerability
 t - a scroll of fog
Potions
 b - 2 potions of invisibility
 d - 6 potions of curing
 f - a potion of haste
 g - 2 potions of heal wounds
 i - a potion of resistance {unknown}
 j - a potion of degeneration {unknown}
 k - 2 potions of attraction
 m - a potion of magic {unknown}


   Skills:
 * Level 6.6 Fighting
 * Level 6.0 Axes
 + Level 4.2 Armour
 - Level 1.7 Dodging
 * Level 5.2 Unarmed Combat


You had 7 spell levels left.
You didn't know any spells.
Your spell library was empty.

Dungeon Overview and Level Annotations

Branches:
Dungeon (7/15)             Temple (0/1) D:5

Altars:
Dithmenos
Hepliaklqana
Xom
The Shining One


Innate Abilities, Weirdness & Mutations

You are mostly covered in yellow scales. (AC +3)
You may rarely emit foul miasma when damaged in melee.
Your touch may inflict irresistible damage on your foes.


Message History

An ice beast comes into view.
The vampire mosquito bites you but does no damage.
The centaur shoots an arrow.
The arrow hits you but does no damage.
You are too injured to fight recklessly!
You are too injured to fight recklessly!
The vampire mosquito bites you but does no damage.
The centaur shoots an arrow.
The arrow hits you!
The vampire mosquito bites you but does no damage.
The centaur shoots an arrow.
The arrow hits you.
* * * LOW HITPOINT WARNING * * *
Your skin crawls.
You feel strong-willed.
The vampire mosquito bites you but does no damage.
The centaur shoots an arrow.
The arrow barely misses you.
The vampire mosquito completely misses you.
A red film seems to cover your vision as you go berserk!
You feel yourself moving faster!
You feel mighty! The vampire mosquito bites you.
* * * LOW HITPOINT WARNING * * *
The vampire mosquito draws strength from your injuries!
The centaur shoots an arrow.
The arrow hits you!
* * * LOW HITPOINT WARNING * * *
The vampire mosquito bites you but does no damage.
The centaur shoots an arrow.
The arrow hits you.
* * * LOW HITPOINT WARNING * * *
You feel a strong urge to attack something.
The centaur unwields a +0 shortbow.
The centaur hits you but does no damage.
The centaur kicks you.
* * * LOW HITPOINT WARNING * * *
You slice the centaur!!
You touch the centaur.
The centaur is almost dead.
You barely miss the vampire mosquito. The vampire mosquito bites you.
* * * LOW HITPOINT WARNING * * *
The vampire mosquito draws strength from your injuries!
The vampire mosquito bites you!
* * * LOW HITPOINT WARNING * * *
The vampire mosquito draws strength from your injuries!
The centaur hits you.
You die...

..........'...
##.........#...
#.#......###..
#)#.###....##<
#.#######†#.##...#.##.
......................
####...#############.
♣..Yy☼..♣ #. ♣.♣@♣.♣.♣
♣ ♣c♣.♣.♣ ♣.♣.♣ ♣
♣...♣ #####


You could see a vampire mosquito, an ice beast and a centaur.

Vanquished Creatures
  A water moccasin (D:6)
  A sky beast (D:6)
  A phantom (D:4)
  2 centaurs (D:5)
  2 bullfrogs
  A necrophage (D:6)
  4 scorpions
  3 howler monkeys (D:7)
  3 hounds
  2 orc priests
  Natasha (thrice) (D:3)
  Terence (D:2)
  4 iguanas
  6 orc wizards
  Robin (D:2)
  7 adders
  A shadow imp (D:6)
  A white imp (D:5)
  A dart slug (D:2)
  11 orcs
  6 ball pythons
  4 bats
  4 endoplasms
  4 giant cockroaches
  20 goblins
  9 hobgoblins
  6 kobolds
  2 quokkas
  3 frilled lizards
  A goblin skeleton (D:5)
  4 hobgoblin zombies (D:5)
  2 kobold zombies (D:5)
  An orc zombie (D:5)
  3 rats
  4 toadstools (D:1)
129 creatures vanquished.

Vanquished Creatures (others)
  6 plants (D:5)
6 creatures vanquished.

Grand Total: 135 creatures vanquished

Notes
Turn   | Place    | Note
-------+----------+-------------------------------------------
     0 | D:1      | sammy202020 the Demonspawn Berserker began the quest for
                  | the Orb.
     0 | D:1      | Reached XP level 1. HP: 18/18 MP: 1/1
   204 | D:1      | Gained mutation: Your touch may inflict minor irresistible
                  | damage on your foes. [demonic ancestry]
   204 | D:1      | Reached XP level 2. HP: 21/24 MP: 2/2
   366 | D:1      | Found a faded altar of an unknown god.
   847 | D:1      | Reached ** piety under Trog
  1097 | D:2      | Reached XP level 3. HP: 20/29 MP: 3/3
  1234 | D:2      | Noticed Terence
  1242 | D:2      | Killed Terence
  1243 | D:2      | Reached skill level 1 in Unarmed Combat
  1611 | D:2      | Noticed Robin
  1621 | D:2      | Killed Robin
  1622 | D:2      | Gained mutation: Your touch may inflict irresistible damage
                  | on your foes. [demonic ancestry]
  1622 | D:2      | Reached XP level 4. HP: 36/36 MP: 4/4
  2275 | D:3      | Noticed Natasha
  2280 | D:3      | Killed Natasha
  2305 | D:3      | Noticed Natasha
  2315 | D:3      | Killed Natasha
  2316 | D:3      | Gained mutation: You may rarely emit foul miasma when
                  | damaged in melee. [demonic ancestry]
  2316 | D:3      | Reached XP level 5. HP: 35/42 MP: 5/5
  2417 | D:3      | Noticed Natasha
  2424 | D:3      | Killed Natasha
  3282 | D:3      | Reached XP level 6. HP: 47/49 MP: 6/6
  3518 | D:4      | Reached *** piety under Trog
  4088 | D:4      | Found a shadowy altar of Dithmenos.
  4372 | D:4      | Gained mutation: You are partially covered in yellow
                  | scales. (AC +2) [demonic ancestry]
  4372 | D:4      | Reached XP level 7. HP: 50/55 MP: 7/7
  4538 | D:5      | Entered Level 5 of the Dungeon
  4545 | D:5      | Reached skill level 5 in Fighting
  4603 | D:5      | Found a staircase to the Ecumenical Temple.
  4778 | D:5      | Found a hazy altar of Hepliaklqana.
  5205 | D:5      | Reached skill level 5 in Axes
  5734 | D:6      | Gained mutation: You are mostly covered in yellow scales.
                  | (AC +3) [demonic ancestry]
  5734 | D:6      | Reached XP level 8. HP: 44/64 MP: 8/8
  5942 | D:6      | Found a shimmering altar of Xom.
  6571 | D:6      | Identified the +2 short sword of the Soft God {holy, *Rage
                  | Fly rF++ SInv}
  6848 | D:7      | Reached skill level 5 in Unarmed Combat
  6887 | D:7      | HP: 1/97 [vampire mosquito (8)]
  6887 | D:7      | Slain by a centaur

Illustrated notes

Levels and vault maps discovered:
D:1:      ldierk_water_garden, layout_loops_ring,
          chequers_ecumenical_altar_simple_redux
D:2:      layout_loops_cross, uniq_terence, uniq_robin
D:3:      layout_loops_ring, chequers_serial_rivers_micro_e, uniq_natasha
D:4:      layout_basic, nicolae_dithmenos_the_darkroom
D:5:      layout_gridville, nicolae_hepliaklqana_hazy_memory,
          nicolae_tso_besieged_by_evil, temple_pool_b, kennysheep_cross_room
D:6:      layout_basic, lemuel_round_altar
D:7:      nzn_winding_woodlands_medium [nzn_winding_woodlands_5x5_perimeter,
          nzn_winding_woodlands_5x15_sidewinder,
          nzn_winding_woodlands_5x5_checkerboard,
          nzn_winding_woodlands_5x5_open_star,
          nzn_winding_woodlands_center_triple_pond,
          nzn_winding_woodlands_5x5_default, nzn_winding_woodlands_5x5_default,
          nzn_winding_woodlands_5x15_jagged,
          nzn_winding_woodlands_5x5_closed_star], layout_loops_corners

Skill      XL: |  1  2  3  4  5  6  7  8 |
---------------+-------------------------+-----
Armour         | 2 3 4 |  4.2
Axes           | 3 4 5 6 |  6.0
Unarmed Combat | 1 2 3 4 5 |  5.2
Fighting       | 4 5 6 |  6.6
Dodging        | |  1.7

Action                   |  1- 3 |  4- 6 |  7- 9 || total
-------------------------+-------+-------+-------++-------
Melee: Hand axe          |    61 |   122 |       ||   183
       Touch             |     9 |    26 |    22 ||    57
       Punch             |     1 |     3 |     5 ||     9
       War axe           |       |    35 |    33 ||    68
       Broad axe         |       |       |    97 ||    97
Invok: Berserk           |     2 |     1 |     1 ||     4
       Trog's Hand       |       |     2 |     1 ||     3
  Use: Scroll            |       |     5 |     6 ||    11
Armor: Animal skin       |     7 |       |       ||     7
       Scale mail        |     8 |    17 |       ||    25
       Plate armour      |       |    82 |   141 ||   223
Dodge: Dodged            |    40 |    44 |    41 ||   125

Table legend: (Time is in decaauts)
 A = Elapsed time spent in this place.
 B = Non-inter-level travel time spent in this place.
 C = Inter-level travel time spent in this place.
 D = Time resting spent in this place.
 E = Time spent auto-exploring this place.
 F = Levels seen in this place.
 G = Mean time per level.
                   A        B        C        D        E       F      G
               +--------+--------+--------+--------+--------+-----+--------+
         Total |   6982 |   6798 |    184 |    751 |   5074 |   7 |  997.4 |
       Dungeon |   6982 |   6798 |    184 |    751 |   5074 |   7 |  997.4 |
               +--------+--------+--------+--------+--------+-----+--------+

Top non-repeatable levels by time:
     D:2: 1305 daAuts
     D:3: 1206 daAuts
     D:5: 1114 daAuts
     D:6: 1104 daAuts
     D:4: 1088 daAuts
     D:1: 996 daAuts
     D:7: 166 daAuts
